 Dungeon Crawl Stone Soup version 0.30-a0-465-g8901f6c8b5 (webtiles) character file.

Game seed: 12450847029224985751

35 greenreed the Shield-Bearer (level 3, -8/29 HPs)
             Began as a Formicid Fighter on Dec 17, 2022.
             Blown up by Ijyb (17 damage)
             ... with a mindburst bolt
             ... on level 3 of the Dungeon.
             The game lasted 00:03:10 (1629 turns).

greenreed the Shield-Bearer (Formicid Fighter)      Turns: 1629, Time: 00:03:11

Health: -8/29      AC:  8    Str: 22    XL:     3   Next: 55%
Magic:  3/3        EV:  9    Int:  7    God:
Gold:   128        SH:  5    Dex: 13    Spells: 2/2 levels left

rFire   . . .      SeeInvis +    a - +0 flail
rCold   . . .      Faith    .    c - +0 buckler
rNeg    . . .      Spirit   .    b - +0 scale mail
rPois   .          Reflect  .    (helmet unavailable)
rElec   .          Harm     .    (no cloak)
rCorr   .          Rampage  .    q - +0 pair of gloves
Will    .....                    (no boots)
Stlth   ..........               (no amulet)
HPRegen 0.24/turn                m - ring of flight
MPRegen 0.08/turn                (no ring)

@: mighty, flying
A: permanent stasis, dig shafts and tunnels, antennae 3, four strong arms
a: Dig, Shaft Self


You were on level 3 of the Dungeon.
You visited 1 branch of the dungeon, and saw 3 of its levels.

You collected 128 gold pieces.

Inventory:

Hand Weapons
 a - a +0 flail (weapon)
Armour
 b - a +0 scale mail (worn)
 c - a +0 buckler (worn)
 q - a +0 pair of gloves (worn)
Jewellery
 m - a ring of flight (left hand)
Scrolls
 g - 2 scrolls of poison {unknown}
 h - a scroll of fear {unknown}
 i - 2 scrolls of identify {unknown}
 j - a scroll of magic mapping {unknown}
 l - 4 scrolls of teleportation {unknown}
 n - 2 scrolls of amnesia {unknown}
 o - 3 scrolls of acquirement {unknown}
 r - a scroll of enchant armour {unknown}
 s - a scroll of immolation {unknown}
Potions
 e - a potion of haste {unknown}
 f - a potion of invisibility {unknown}
 k - 2 potions of ambrosia {unknown}
 p - a potion of heal wounds {unknown}
 t - a potion of brilliance {unknown}


   Skills:
 * Level 3.6 Fighting
 * Level 2.4 Maces & Flails
 + Level 3.7 Armour
 + Level 0.4 Dodging
 + Level 4.5 Shields


You had 2 spell levels left.
You didn't know any spells.
Your spell library contained the following spells:

 Spells                   Type           Power      Damage    Failure   Level
 Frozen Ramparts          Ice            0%         1d1       99%         3
 Ice Form                 Ice/Tmut       0%         N/A       100%        4
 Summon Ice Beast         Ice/Summ       0%         N/A       100%        4


Dungeon Overview and Level Annotations

Branches:
Dungeon (3/15)

Altars:

Annotations:
D:3 Ijyb


Innate Abilities, Weirdness & Mutations

You cannot be hasted, slowed, berserked, paralysed or teleported.
You can dig through walls and to a lower floor.
You have a pair of large antennae on your head. (SInv)
Your four strong arms can wield two-handed weapons with a shield.


Message History

The bat hits you but does no damage. The bat barely misses you.
You barely miss the bat.
The bat is severely wounded.
The bat barely misses you. The bat hits you but does no damage.
You closely miss the bat.
The bat is severely wounded.
You block the bat's attack. The bat barely misses you.
The bat closely misses you.
You barely miss the bat.
The bat is severely wounded.
The bat hits you but does no damage.
You barely miss the bat.
The bat is severely wounded.
The bat hits you but does no damage. x2
You thump the bat!
You kill the bat!
There is a stone staircase leading up here.
Ijyb the Twisted Goblin comes into view.
She is wielding a +0 club and carrying a wand of mindburst (16).
Found a purple potion.
Ijyb shouts!
You sock Ijyb!
Ijyb is moderately wounded.
Ijyb hits you with a +0 club.
You hit Ijyb but do no damage.
Ijyb is moderately wounded.
Ijyb zaps a wand.
Your mind is blasted!
Ijyb hits you with a +0 club.
You hit Ijyb.
Ijyb is heavily wounded.
Ijyb hits you with a +0 club.
You are too injured to fight recklessly!
You hit Ijyb but do no damage.
Ijyb is heavily wounded.
You block Ijyb's attack.
You hit Ijyb but do no damage.
Ijyb is heavily wounded.
Ijyb hits you with a +0 club. x2
You feel very mighty all of a sudden.
Ijyb zaps a wand.
Your mind is blasted!
Ouch! That really hurt!
You die...

....#.# { ....#.###
........##{ .........##
## ..###.###.##{ ##.# {
#.# #......# { #..#
#.###.###..# #..#
......###..#####g.#
#..#.......<..##@.###.#
##.#.####..........>..#
#..#.# #.....##..#####
.#.#.# #####.##..#
##.#.########.##..#
#.......)........#
###.########.###....
#.# #... ..## #.#
#.####!#


You could see Ijyb.

Vanquished Creatures
  A dart slug (D:1)
  4 ball pythons
  An endoplasm (D:2)
  A giant cockroach (D:2)
  3 goblins
  5 hobgoblins
  3 jackals (D:1)
  4 kobolds
  3 bats
  A frilled lizard (D:2)
  3 rats (D:1)
29 creatures vanquished.

Notes
Turn   | Place    | Note
-------+----------+-------------------------------------------
     0 | D:1      | greenreed the Formicid Fighter began the quest for the Orb.
     0 | D:1      | Reached XP level 1. HP: 18/18 MP: 1/1
   156 | D:1      | Reached XP level 2. HP: 21/24 MP: 2/2
   195 | D:1      | Found a faded altar of an unknown god.
   508 | D:1      | Reached XP level 3. HP: 24/29 MP: 3/3
  1622 | D:3      | Noticed Ijyb
  1629 | D:3      | Blown up by Ijyb

Illustrated notes

Levels and vault maps discovered:
D:1:      dpeg_arrival_stonehenge_8_columns, layout_basic,
          shapermc_ecumenical_altar_mp_highgroup, minivault_4,
          minmay_misc_feat_hallway
D:2:      layout_loops_ring, wad_floor_pattern_2, chequers_serial_rivers_room_b,
          chequers_serial_rivers_micro_e
D:3:      minmay_inner_zag, layout_loops_ring, fedhas_altar_4, uniq_terence,
          uniq_ijyb, uniq_crazy_yiuf_cottage

Action                   || total
-------------------------++-------
Melee: Flail             ||    85
  Use: Potion            ||     1
Armor: Scale mail        ||    40
Dodge: Dodged            ||    43
Block: Buckler           ||    23

Table legend: (Time is in decaauts)
 A = Elapsed time spent in this place.
 B = Non-inter-level travel time spent in this place.
 C = Inter-level travel time spent in this place.
 D = Time resting spent in this place.
 E = Time spent auto-exploring this place.
 F = Levels seen in this place.
 G = Mean time per level.
                   A        B        C        D        E       F      G
               +--------+--------+--------+--------+--------+-----+--------+
         Total |   1657 |   1514 |    143 |      0 |   1263 |   3 |  552.3 |
       Dungeon |   1657 |   1514 |    143 |      0 |   1263 |   3 |  552.3 |
               +--------+--------+--------+--------+--------+-----+--------+

Top non-repeatable levels by time:
     D:1: 811 daAuts
     D:2: 760 daAuts
     D:3: 85 daAuts
